 Dungeon Crawl Stone Soup version 0.29.1-1-gd02db69 (webtiles) character file.

Game seed: 2472640489047748122

3873 Timinator the Insei (level 9, -1/108 HPs)
             Began as a Demigod Transmuter on Jan 23, 2023.
             Slain by a killer bee (4 damage)
             ... on level 8 of the Dungeon.
             The game lasted 00:26:56 (8274 turns).

Timinator the Insei (Demigod Transmuter)            Turns: 8274, Time: 00:26:58

Health: -1/108     AC: 28    Str: 15    XL:     9   Next: 67%
Magic:  20/20      EV:  2    Int: 15    God:
Gold:   470        SH:  0    Dex: 22    Spells: 11/18 levels left

rFire   . . .      SeeInvis .     - Unarmed
rCold   . . .      Faith    .   (no shield)
rNeg    . . .      Spirit   .   (body armour currently unavailable)
rPois   +          Reflect  .   (helmet currently unavailable)
rElec   .          Harm     .   (cloak currently unavailable)
rCorr   .          Rampage  .   (gloves currently unavailable)
Will    .....      NoTele   +   (boots currently unavailable)
Stlth   ++........              (no amulet)
HPRegen 0.28/turn               f - +4 ring of slaying
MPRegen 0.17/turn               o - +4 ring of protection

@: mighty, tree-form, marked, wereblooded, invisible
A: stationary, stasis, torment immunity, boosted hp, high MP 1, forlorn, divine
attributes
a: no special abilities


You were on level 8 of the Dungeon.
You were a tree.
You visited 1 branch of the dungeon, and saw 8 of its levels.

You collected 494 gold pieces.
You spent 24 gold pieces at shops.

Inventory:

Missiles
 i - 5 throwing nets
Armour
 d - a +0 ring mail (melded)
 m - a +0 helmet
 n - a +2 hat of stealth (melded)
Jewellery
 f - a +4 ring of slaying (left branch)
 o - a +4 ring of protection (right branch)
Wands
 a - a wand of digging (8)
 l - a wand of iceblast (8)
 v - a wand of polymorph (5)
Scrolls
 c - 3 scrolls of magic mapping {unknown}
 e - 2 scrolls of blinking {unknown}
 h - a scroll of torment
 k - 3 scrolls of amnesia {unknown}
 q - a scroll of poison {unknown}
 r - a scroll of fog {unknown}
 s - 2 scrolls of enchant armour {unknown}
 t - 2 scrolls of teleportation {unknown}
 w - 3 scrolls of vulnerability {unknown}
 y - 4 scrolls of enchant weapon
 E - a scroll of silence {unknown}
Potions
 g - 5 potions of flight
 j - 3 potions of resistance
 p - 2 potions of brilliance
 u - a potion of mutation {unknown}
 z - a potion of heal wounds {unknown}
 A - a potion of attraction
 B - a potion of might
 C - a potion of invisibility
 F - a potion of degeneration {unknown}


   Skills:
 + Level 4.6 Fighting
 - Level 3.2 Armour
 * Level 6.0 Dodging
 * Level 7.3 Unarmed Combat
 - Level 5.0 Spellcasting
 * Level 6.0 Transmutations


You had 11 spell levels left.
You knew the following spells:

 Your Spells              Type           Power      Damage    Failure   Level
a - Beastly Appendage     Tmut           42%        N/A       1%          1
b - Wereblood             Tmut           21%        N/A       1%          2
c - Ice Form              Ice/Tmut       12%        N/A       43%         4

Your spell library contained the following spells:

 Spells                   Type           Power      Damage    Failure   Level
 Spider Form              Tmut/Pois      12%        N/A       14%         3
 Foxfire                  Conj/Fire      12%        2x1d4     16%         1
 Conjure Flame            Conj/Fire      3%         6-21      43%         3
 Inner Flame              Hex/Fire       3%         N/A       43%         3
 Flame Wave               Conj/Fire      3%         2d5       85%         4


Dungeon Overview and Level Annotations

Branches:
Dungeon (8/15)             Temple (0/1) D:4
   Lair: D:8-11

Shops:
D:1 ?   D:2 !

Annotations:
D:8 Joseph


Innate Abilities, Weirdness & Mutations

You are a tree.
Your roots penetrate the ground, keeping you stationary.
You cannot be teleported.
You are immune to unholy pain and torment.
Your maximum health is greatly increased.
Your equipment is partially melded.
You have an increased reservoir of magic. (+10% MP)
You shall have no god before yourself.
Your divine heritage dramatically boosts your attributes as you level up.


Message History

The kobold dies!
The killer bee stings you but does no damage. x2
As you read the scroll of identify, it crumbles to dust.
y - 4 scrolls of enchant weapon The killer bee stings you but does no damage.
The killer bee stings you.
* * * LOW HITPOINT WARNING * * *
The orc wizard casts a spell at you.
The puff of flame hits you but does no damage.
The kobold barely misses you.
The kobold brigand hits you but does no damage.
The orc hits you but does no damage.
Joseph shoots a sling bullet.
The sling bullet hits the orc priest!!
The orc priest dies!
The killer bee stings you.
* * * LOW HITPOINT WARNING * * *
The killer bee stings you.
* * * LOW HITPOINT WARNING * * *
As you read the scroll of torment, it crumbles to dust.
You feel a surge of unholy energy.
The kobold brigand convulses!
Joseph convulses!
The orc convulses!
The kobold convulses!
The killer bee convulses!
The kobold convulses!
The killer bee convulses!
The orc wizard convulses! x2; The orc convulses!
The howler monkey convulses!
The orc convulses!
The steam dragon convulses!
The killer bee stings you but does no damage. x2
An orc comes into view. It is wielding a +0 short sword.
The kobold hits you but does no damage. x2
The orc hits you but does no damage.
The kobold brigand hits you but does no damage.
Joseph shoots a sling bullet.
The sling bullet hits the orc wizard!
The orc wizard dies!
The killer bee stings you but does no damage. x2
As you read the scroll of torment, it crumbles to dust.
You feel a surge of unholy energy.
The kobold brigand convulses!
Joseph convulses!
The orc convulses!
The killer bee convulses! x2
The howler monkey convulses!
The orc wizard convulses!
The orc convulses!
The orc wizard convulses!
The orc convulses! x2
The killer bee stings you but does no damage.
The killer bee stings you.
You die...

#.#.........
#.#..........#
####.#........... ..#
... .o..#........... #.#
.. #.............
#.####. #.o......$....
#...##.## #.#o#oho......
#.#.##..###.#..yyo....>.
#.#.###.......oK♣)@..#
#.#...P...P...##KK....#
......P.......#..##.#.#
###..P.P...P....## #
###P..P......[...#
##...P.PP..P.P...#
##..PP.####.P.P..#
##.P...+ #..P...#
.)..P.P# #...P.##


You could see Joseph (unable to see you), a kobold brigand (unable to see you),
a howler monkey (unable to see you), 2 killer bees, 2 orc wizards, 5 orcs and 2
kobolds.

Vanquished Creatures
  2 hornets
  A wyvern (D:7)
  2 sky beasts (D:7)
  2 black bears
  2 orc warriors
  An ice beast (D:7)
  3 ogres
  A centaur (D:8)
  A gnoll sergeant (D:7)
  7 bullfrogs
  A necrophage (D:6)
  7 scorpions
  3 wights (D:8)
  2 killer bees (D:8)
  An electric eel (D:6)
  3 howler monkeys (D:7)
  5 hounds
  A jelly (D:5)
  3 orc priests
  2 gnoll boudas
  5 iguanas
  Natasha (thrice) (D:4)
  5 orc wizards
  Robin (D:2)
  9 gnolls
  6 adders
  A shadow imp (D:5)
  2 white imps
  2 ufetubi
  2 worms
  32 orcs
  4 ball pythons
  7 endoplasms
  3 giant cockroaches
  12 goblins
  7 hobgoblins
  8 jackals
  6 quokkas
  2 bats (D:2)
  7 frilled lizards
  11 kobolds
  7 rats
192 creatures vanquished.

Vanquished Creatures (others)
  An orc warrior (D:8)
  An orc priest (D:8)
  An orc wizard (D:8)
  An orc (D:8)
  A kobold (D:8)
  4 fungi (D:8)
  46 plants
55 creatures vanquished.

Grand Total: 247 creatures vanquished

Notes
Turn   | Place    | Note
-------+----------+-------------------------------------------
     0 | D:1      | Timinator the Demigod Transmuter began the quest for the
                  | Orb.
     0 | D:1      | Reached XP level 1. HP: 15/15 MP: 5/5
   313 | D:1      | Reached skill level 1 in Fighting
   313 | D:1      | Reached XP level 2. HP: 5/23 MP: 5/7
   629 | D:1      | Learned a level 2 spell: Wereblood
   737 | D:1      | Found Afyagaup's Magic Scroll Emporium.
   746 | D:1      | Reached skill level 3 in Unarmed Combat
   750 | D:1      | Bought a scroll of identify for 24 gold pieces
  1072 | D:2      | Reached XP level 3. HP: 28/28 MP: 6/8
  1293 | D:2      | Found Cueprop's Distillery.
  1544 | D:2      | Noticed Robin
  1555 | D:2      | Reached skill level 1 in Armour
  1555 | D:2      | Reached XP level 4. HP: 35/35 MP: 7/10
  1562 | D:2      | Killed Robin
  1950 | D:3      | Found the +9 staff of Olgreb {rPois∞}
  2890 | D:4      | Reached XP level 5. HP: 34/41 MP: 8/11
  3206 | D:4      | Noticed an ogre
  3387 | D:4      | Reached skill level 4 in Unarmed Combat
  3434 | D:4      | Noticed Natasha
  3442 | D:4      | Killed Natasha
  3443 | D:4      | Reached XP level 6. HP: 43/48 MP: 10/13
  3626 | D:4      | Found a staircase to the Ecumenical Temple.
  4401 | D:5      | Entered Level 5 of the Dungeon
  4512 | D:5      | Reached XP level 7. HP: 24/56 MP: 14/14
  4843 | D:4      | Noticed Natasha
  4851 | D:4      | Killed Natasha
  4864 | D:4      | Noticed Natasha
  4874 | D:4      | Killed Natasha
  5188 | D:5      | Reached skill level 5 in Unarmed Combat
  5588 | D:5      | Reached XP level 8. HP: 61/63 MP: 16/16
  6263 | D:6      | Reached skill level 6 in Unarmed Combat
  6341 | D:6      | Learned a level 4 spell: Ice Form
  7364 | D:7      | Reached XP level 9. HP: 71/71 MP: 17/19
  7370 | D:7      | Reached skill level 5 in Transmutations
  7409 | D:7      | Reached skill level 5 in Dodging
  7733 | D:7      | Paralysed by a hornet for 3 turns
  8116 | D:8      | Reached skill level 5 in Spellcasting
  8124 | D:8      | Reached skill level 7 in Unarmed Combat
  8252 | D:8      | Noticed Joseph
  8272 | D:8      | HP: 3/108 [killer bee (5)]
  8274 | D:8      | Slain by a killer bee

Illustrated notes

Levels and vault maps discovered:
D:1:      nicolae_arrival_washed_ashore, layout_rooms, serial_shops, shop,
          kennysheep_minor_cross
D:2:      layout_loops_ring, dreamdust_ecumenical_altar_hidden_monk_grotto,
          serial_shops, nicolae_shop_hallway_plus, uniq_robin
D:3:      layout_loops_cross, mainiacjoe_overflow_brackets,
          kennysheep_generic_room_6
D:4:      layout_layer_cave, lemuel_temple_firewalk_a, hangedman_decor_riveting,
          uniq_natasha
D:5:      layout_rooms, minitemple, nicolae_grassy_gnolls
D:6:      layout_loops_cross, serial_bayou_lagoon_a, minivault_25
D:7:      layout_loops_cross
D:8:      layout_rooms, grunt_lair_entry_orc_guard_hut, uniq_joseph

Skill      XL: |  1  2  3  4  5  6  7  8  9 |
---------------+----------------------------+-----
Fighting       | 1 2 3 4 |  4.6
Spellcasting   | 2 3 4 5 |  5.0
Unarmed Combat | 3 4 5 6 7 |  7.3
Dodging        | 2 3 4 6 |  6.0
Transmutations | 2 3 4 6 |  6.0
Armour         | 1 2 3 |  3.2

Action                   |  1- 3 |  4- 6 |  7- 9 || total
-------------------------+-------+-------+-------++-------
Melee: Unarmed           |    76 |   133 |   240 ||   449
       Kick              |    18 |    32 |    67 ||   117
       Headbutt          |     7 |    18 |    35 ||    60
       Punch             |     1 |     2 |     9 ||    12
 Cast: Beastly Appendage |    25 |    30 |    35 ||    90
       Wereblood         |     1 |     4 |     8 ||    13
Evoke: Wand              |       |       |     2 ||     2
  Use: Scroll            |     3 |     1 |     7 ||    11
       Potion            |       |     1 |     8 ||     9
 Stab: Sleeping          |     1 |     5 |       ||     6
Armor: Robe              |     2 |       |       ||     2
       Leather armour    |     8 |    29 |     2 ||    39
       Skin              |       |     5 |   110 ||   115
       Ring mail         |       |       |    50 ||    50
Dodge: Dodged            |    34 |    73 |   129 ||   236
